 Dungeon Crawl Stone Soup version 0.23-a0-8-gb809bb7 (webtiles) character file.

114 suicidejoker the Slasher (level 4, -4/35 HPs)
             Began as a Demonspawn Gladiator on Aug 2, 2018.
             Slain by an orc warrior
             ... wielding a cursed -3 hand axe
              (18 damage)
             ... on level 3 of the Dungeon.
             The game lasted 00:06:23 (1467 turns).

suicidejoker the Slasher (Demonspawn Gladiator)     Turns: 1467, Time: 00:06:28

Health: -4/35      AC:  6    Str: 15    XL:     4   Next: 67%
Magic:  4/4        EV: 18    Int: 10    God:
Gold:   152        SH:  4    Dex: 19    Spells: 3/3 levels left

rFire    + . .     SeeInvis .   a - +0 long sword
rCold    + . .     Gourm    +   t - +0 buckler
rNeg     . . .     Faith    .   b - +0 leather armour
rPois    +         Spirit   .   c - +0 helmet
rElec    +         Reflect  .   (no cloak)
rCorr    +         Harm     .   (no gloves)
MR       .....                  (no boots)
Stlth    ++........             k - amulet of the gourmand
HPRegen  0.11/turn              (no ring)
MPRegen  0.09/turn              (no ring)

@: agile, resistant, flying
A: yellow scales 1, rot immunity
a: no special abilities


You were on level 3 of the Dungeon.
You were very hungry.

You visited 1 branch of the dungeon, and saw 3 of its levels.

You collected 152 gold pieces.

Inventory:

Hand Weapons
 a - a +0 long sword (weapon)
 e - a cursed -3 short sword
Missiles
 d - 3 throwing nets (quivered)
 g - 62 stones
 p - 39 arrows
 x - 20 sling bullets
Armour
 b - a +0 leather armour (worn)
 c - a +0 helmet (worn)
 t - a +0 buckler (worn)
Jewellery
 k - an amulet of the gourmand (around neck)
Scrolls
 h - 5 scrolls of identify {unknown}
 i - 2 scrolls of remove curse {unknown}
 l - a scroll of enchant armour {unknown}
 m - 3 scrolls of amnesia {unknown}
 o - a scroll of magic mapping {unknown}
 s - a scroll of enchant weapon {unknown}
 u - a scroll of noise {unknown}
 v - a scroll of random uselessness {unknown}
 w - a scroll of fog {unknown}
Potions
 n - a potion of resistance
 r - a potion of curing
Comestibles
 f - 3 rations


   Skills:
 + Level 3.0 Fighting
 * Level 4.0 Long Blades
 - Level 1.7 Throwing
 + Level 3.4 Dodging


You had 3 spell levels left.
You didn't know any spells.
Your spell library was empty.

Dungeon Overview and Level Annotations

Branches:
Dungeon (3/15)

Altars:
Elyvilon


Innate Abilities, Weirdness & Mutations

You are partially covered in yellow scales. (AC +2)
You are immune to rotting.


Message History

The orc warrior is moderately wounded.
You hit the orc warrior but do no damage.
The orc warrior is moderately wounded.
The orc warrior hits you with a hand axe!
You are too injured to fight recklessly!
You are too injured to fight recklessly!
You are too injured to fight recklessly!
You are too injured to fight recklessly!
You are too injured to fight recklessly!
You are too injured to fight recklessly!
You are too injured to fight recklessly!
You hit the orc warrior but do no damage.
The orc warrior is moderately wounded.
You hit the orc warrior.
The orc warrior is heavily wounded.
An orc wizard comes into view. It is wielding a dagger.
An orc comes into view. It is wielding a mace.
The orc warrior hits you with a hand axe!!
Ouch! That really hurt!
You die...

...#### .
######†....# ###..
#......###.##.....
#....).#..........
#....g............
#(.......o).......
#.........<.........
#.......##.###.####.
........#o@# .#
#.......#)## #
.........o .....>###
.... .. #


You could see an orc warrior, an orc wizard (wandering), a gnoll and an orc
(wandering).

Vanquished Creatures
  Jessica (D:3)
  2 gnolls (D:3)
  2 adders
  A worm (D:2)
  4 dart slugs
  A leopard gecko (D:2)
  5 bats
  2 giant cockroaches
  2 hobgoblins (D:1)
  A quokka (D:3)
  2 frilled lizards (D:2)
  6 goblins
  4 kobolds
  8 rats
41 creatures vanquished.

Notes
Turn   | Place    | Note
-------+----------+-------------------------------------------
     0 | D:1      | suicidejoker the Demonspawn Gladiator began the quest for the Orb.
     0 | D:1      | Reached XP level 1. HP: 16/16 MP: 1/1
    79 | D:1      | Reached skill level 3 in Long Blades
    79 | D:1      | Gained mutation: You are partially covered in yellow scales. (AC +2) [demonic ancestry]
    79 | D:1      | Reached XP level 2. HP: 16/22 MP: 2/2
   467 | D:2      | Reached XP level 3. HP: 28/28 MP: 3/3
   910 | D:2      | Found a white marble altar of Elyvilon.
  1408 | D:3      | Noticed Jessica
  1433 | D:3      | Killed Jessica
  1433 | D:3      | Gained mutation: You are immune to rotting. [demonic ancestry]
  1433 | D:3      | Reached XP level 4. HP: 19/34 MP: 4/4
  1457 | D:3      | Noticed an orc warrior
  1459 | D:3      | Reached skill level 4 in Long Blades
  1467 | D:3      | Slain by an orc warrior

Vault maps used:
D:1:      eino_arrival_tree_alley
D:2:      elyvilon_altar_5
D:3:      grunt_ministairs_3, uniq_jessica, uniq_sigmund

Skill      XL: |  1  2  3  4 |
---------------+-------------+-----
Long Blades    | 3 4 |  4.0
Dodging        | 3 |  3.4
Fighting       | 3 |  3.0
Throwing       | |  1.7

Action                   |  1- 3 |  4- 6 || total
-------------------------+-------+-------++-------
Melee: Long sword        |   120 |    14 ||   134
  Use: Potion            |     5 |       ||     5
  Eat: Chunk             |     1 |       ||     1
Armor: Leather armour    |    38 |     1 ||    39
Dodge: Dodged            |    90 |    14 ||   104
Block: Buckler           |     3 |     1 ||     4
       Rpst.: Long sword |    24 |     7 ||    31

Table legend:
 A = Spawn XP
 B = Non-spawn XP
 C = Spawn XP percentage of total XP
 D = Spawn monster count
 E = Non-spawn monster count
 F = Spawn count percentage of total count
 G = Total turns spent on level
                    A         B        C        D         E        F      G
               +---------+---------+-------+---------+---------+-------+---------
         Total |       0 |     164 |   0.0 |       0 |      41 |   0.0 |  1467
               +---------+---------+-------+---------+---------+-------+---------
           D:1 |       0 |      37 |   0.0 |       0 |      20 |   0.0 |   453
           D:2 |       0 |      46 |   0.0 |       0 |      16 |   0.0 |   955
           D:3 |       0 |      81 |   0.0 |       0 |       5 |   0.0 |    59
               +---------+---------+-------+---------+---------+-------+---------
